 Dungeon Crawl Stone Soup version 0.20-a0-3-g334f831 (webtiles) character file.

1274 JeffiDaFish the Cudgeler (level 8, -1/48 HPs)
             Began as a Gargoyle Fighter on Oct 30, 2016.
             Was a Follower of Makhleb.
             Killed by divine providence
             ... invoked by an orc priest
              (12 damage)
             ... on level 5 of the Dungeon.
             The game lasted 00:13:16 (3241 turns).

JeffiDaFish the Cudgeler (Gargoyle Fighter)         Turns: 3241, Time: 00:13:16

Health: -1/48      AC: 19    Str: 24 (26) XL:     8   Next: 53%
Magic:  8/8        EV:  8    Int:  6 (9)  God:    Makhleb [*.....]
Gold:   331        SH: 10    Dex:  8 (10) Spells: 0 memorised, 7 levels left

rFire  + + .     SeeInvis .     i - +3 mace (venom)
rCold  x . .     Gourm    .     e - +0 fire dragon scales
rNeg   + . .     Faith    .     c - +0 shield
rPois  ∞         Spirit   .     l - +0 helmet
rElec  +         Reflect  .     (no cloak)
rCorr  .         Harm     .     h - +2 pair of gloves
MR     .....                    (no boots)
Stlth  ..........               (no amulet)
                                (no ring)
                                (no ring)

@: mighty
A: negative energy resistance 1, electricity resistance, unbreathing,
petrification resistance, rot immunity, AC +5
a: Renounce Religion


You were on level 5 of the Dungeon.
You worshipped Makhleb.
Makhleb was aware of your devotion.
You were not hungry.

You visited 1 branch of the dungeon, and saw 5 of its levels.

You collected 331 gold pieces.

Inventory:

Hand Weapons
 a - a +1 flail
 i - a +3 mace of venom (weapon)
Armour
 c - a +0 shield (worn)
 e - +0 fire dragon scales (worn)
 h - a +2 pair of gloves (worn)
 l - a +0 helmet (worn)
Wands
 u - a wand of lightning (7/15)
Scrolls
 k - 4 scrolls of identify
 m - 3 scrolls of remove curse
 n - 2 scrolls of blinking
 p - a scroll of teleportation
 r - a scroll of enchant armour
Potions
 t - a potion of agility
Comestibles
 b - 2 meat rations
 d - 17 chunks of flesh
 f - 10 bread rations
 g - a royal jelly
 j - 2 beef jerkies
 q - 5 fruits


   Skills:
 + Level 4.9 Fighting
 + Level 6.6 Maces & Flails
 + Level 5.0 Armour
 + Level 1.9 Dodging
 + Level 0.8 Stealth
 + Level 6.6 Shields


You had 7 spell levels left.
You didn't know any spells.

Dungeon Overview and Level Annotations

Branches:
Dungeon (5/15)             Temple (0/1) D:5

Altars:
Hepliaklqana
Kikubaaqudgha
Makhleb
Xom


Innate Abilities, Weirdness & Mutations

You are resistant to torment.
Your stone body is resilient. (AC +5)
You are immune to poison.
You resist negative energy. (rN+)
You are resistant to electric shocks. (rElec)
You can survive without breathing.
You are immune to petrification.
You are immune to rotting.


Message History

You closely miss the orc priest.
The orc priest calls down the wrath of Beogh upon you.
Beogh smites you!
* * * LOW HITPOINT WARNING * * *
The orc priest hits you but does no damage.
An orc comes into view.
You hit the orc priest.
The orc priest is lightly wounded.
You block the orc priest's attack.
You feel better.
You feel very mighty all of a sudden. The orc priest closely misses you.
You closely miss the orc priest.
The orc priest is lightly wounded.
The orc priest hits you but does no damage.
Your shield and fire dragon scales prevent you from hitting the orc priest.
The orc priest is lightly wounded.
The orc priest mumbles some strange prayers to Beogh against you.
Beogh smites you!
You die...

##...## ##'## #.#
#.# ##.## ##...##
#######.....# #
...........#######o#
#######...(..(((@oo#
##############


You could see an orc priest and 2 orcs.

Vanquished Creatures
  Grinder (D:4)
  Sigmund (D:3)
  2 centaurs (D:5)
  An ogre (D:4)
  A scorpion (D:4)
  2 vampire bats (D:2)
  2 hounds
  2 orc priests
  A centaur skeleton (D:4)
  5 orc wizards
  An iguana (D:4)
  Natasha (thrice) (D:3)
  6 adders
  An ooze (D:4)
  4 dart slugs
  2 leopard geckos
  21 orcs
  8 bats
  2 bat skeletons (D:2)
  3 bat zombies (D:2)
  3 giant cockroaches
  5 goblins
  7 hobgoblins
  7 jackals
  6 kobolds
  A quokka (D:4)
  A ball python (D:3)
  3 frilled lizards
  A quokka zombie (D:5)
  4 rats
107 creatures vanquished.

Notes
Turn   | Place    | Note
-------+----------+-------------------------------------------
     0 | D:1      | JeffiDaFish the Gargoyle Fighter began the quest for the Orb.
     0 | D:1      | Reached XP level 1. HP: 14/14 MP: 1/1
   222 | D:1      | Reached XP level 2. HP: 19/19 MP: 2/2
   736 | D:2      | Found a shimmering altar of Xom.
   747 | D:2      | Reached XP level 3. HP: 23/23 MP: 3/3
   822 | D:2      | Found a hazy altar of Hepliaklqana.
  1134 | D:2      | Found an ancient bone altar of Kikubaaqudgha.
  1143 | D:2      | Reached XP level 4. HP: 29/29 MP: 4/4
  1152 | D:2      | Reached XP level 5. HP: 33/33 MP: 5/5
  1470 | D:3      | Noticed Natasha
  1472 | D:3      | Noticed Sigmund
  1473 | D:3      | Killed Natasha
  1494 | D:3      | Killed Sigmund
  1494 | D:3      | Reached skill level 1 in Dodging
  1494 | D:3      | Reached skill level 5 in Shields
  1494 | D:3      | Reached XP level 6. HP: 37/38 MP: 6/6
  1657 | D:3      | Noticed Natasha
  1664 | D:3      | Killed Natasha
  1664 | D:3      | Reached XP level 7. HP: 39/43 MP: 7/7
  1830 | D:3      | Found a burning altar of Makhleb.
  1840 | D:3      | Became a worshipper of Makhleb the Destroyer
  1968 | D:3      | Noticed Natasha
  1981 | D:3      | Killed Natasha
  2036 | D:4      | Noticed Grinder
  2046 | D:4      | Killed Grinder
  2046 | D:4      | Reached skill level 5 in Maces & Flails
  2313 | D:4      | Reached XP level 8. HP: 25/48 MP: 8/8
  2828 | D:4      | Identified the +2 leather armour "Icef Lamauji" {rPois rF++ Str+4} (You found it on level 4 of the Dungeon)
  3002 | D:5      | Entered Level 5 of the Dungeon
  3067 | D:5      | Found a staircase to the Ecumenical Temple.
  3172 | D:5      | Reached * piety under Makhleb
  3229 | D:5      | Reached skill level 5 in Armour
  3241 | D:5      | Killed from afar by an orc priest

Vault maps used:
D:1:      dpeg_arrival_simpleton_a, minmay_parallelograms
D:2:      kennysheep_vampire_church, lemuel_crystal_altar, xom_teletrap_fun
D:3:      makhleb_blood_cavern_becter, uniq_natasha, uniq_sigmund
D:4:      first_bread, uniq_grinder
D:5:      grunt_qazlal_clouds, basic_altar

Skill      XL: |  1  2  3  4  5  6  7  8 |
---------------+-------------------------+-----
Shields        | 4 5 6 |  6.6
Armour         | 4 5 |  5.0
Maces & Flails | 4 5 6 |  6.6
Fighting       | 4 |  4.9
Dodging        | 1 |  1.9
Stealth        | |  0.8

Action                   |  1- 3 |  4- 6 |  7- 9 || total
-------------------------+-------+-------+-------++-------
Melee: Flail             |    14 |       |       ||    14
       Mace              |   100 |    98 |   149 ||   347
  Use: Potion            |     4 |     1 |     5 ||    10
       Scroll            |     6 |     2 |     4 ||    12
  Eat: Chunk             |     1 |     2 |     5 ||     8
Armor: Fire dragon scale |   118 |    51 |   108 ||   277
       Skin              |     1 |       |       ||     1
Dodge: Dodged            |    59 |    20 |    59 ||   138
Block: Shield            |    98 |    46 |   101 ||   245
